 Dungeon Crawl Stone Soup version 0.26-a0-64-g059e62fbdb (webtiles) character file.

Game seed: 17528930998868745522

109 Error4North the Skirmisher (level 4, -2/41 HPs)
             Began as a Hill Orc Fighter on June 11, 2020.
             Killed by divine providence
             ... invoked by an orc priest
              (13 damage)
             ... on level 3 of the Dungeon.
             The game lasted 00:04:26 (1512 turns).

Error4North the Skirmisher (Hill Orc Fighter)       Turns: 1512, Time: 00:04:26

Health: -2/41      AC: 10    Str: 19    XL:     4   Next: 89%
Magic:  4/4        EV:  5    Int:  8    God:
Gold:   90         SH:  9    Dex: 10    Spells: 3/3 levels left

rFire    . . .     SeeInvis .   a - +0 war axe
rCold    . . .     Gourm    .   c - +0 kite shield
rNeg     . . .     Faith    .   j - +0 chain mail
rPois    .         Spirit   .   d - +0 helmet
rElec    .         Reflect  .   (no cloak)
rCorr    .         Harm     .   (no gloves)
MR       .....     Rnd*Tele +   (no boots)
Stlth    ..........             (no amulet)
HPRegen  0.13/turn              r - ring of teleportation (curse)
MPRegen  0.09/turn              (no ring)

@: no status effects
A: no striking features
a: Convert to Beogh


You were on level 3 of the Dungeon.
You were not hungry.

You visited 1 branch of the dungeon, and saw 3 of its levels.

You collected 90 gold pieces.

Inventory:

Hand Weapons
 a - a +0 war axe (weapon)
Armour
 c - a +0 kite shield (worn)
 d - a +0 helmet (worn)
 j - a +0 chain mail (worn)
Jewellery
 r - a cursed ring of teleportation (left hand)
Scrolls
 b - a scroll of noise {unknown}
 k - a scroll of random uselessness {unknown}
 l - 4 scrolls of remove curse {unknown}
 m - a scroll of teleportation {unknown}
 n - a scroll of enchant weapon {unknown}
 o - 2 scrolls of identify {unknown}
 q - a scroll of enchant armour {unknown}
 s - a scroll of magic mapping {unknown}
Potions
 e - a potion of berserk rage {unknown}
 h - a potion of brilliance {unknown}
 i - a potion of lignification {unknown}
 p - a potion of degeneration {unknown}
 t - a potion of might
Comestibles
 f - 4 rations


   Skills:
 * Level 4.4 Fighting
 + Level 4.1 Axes
 * Level 3.8 Armour
 + Level 0.2 Dodging
 * Level 4.2 Shields


You had 3 spell levels left.
You didn't know any spells.
Your spell library was empty.

Dungeon Overview and Level Annotations

Branches:
Dungeon (3/15)

Altars:
Nemelex Xobeh


Message History

You slash the orc!
You kill the orc!
You block the orc priest's attack.
The orc priest threatens, "By the altar or by the axe, you will meet Beogh!"
The orc priest shouts, "Surrender to Beogh and we'll let you live!"
You hit the orc priest.
The orc priest is lightly wounded.
The orc priest shouts, "Surrender to Beogh and we'll let you live!"
The orc priest miscasts a cantrip.
You hit the orc.
The orc is severely wounded.
The orc priest calls down the wrath of Beogh upon you.
Beogh smites you!
* * * LOW HITPOINT WARNING * * *
You closely miss the orc.
The orc is severely wounded.
You block the orc's attack.
The orc priest mumbles some strange prayers to Beogh against you.
Beogh smites you!
You die...

##........#####
#.............####
...##.#.##o......#
# #.##.##.##.#
#.##o##.##.#
#.....oo#....)##.#
#.....o.#..#####.#
#...l...#.l#####.#
#...o...#.oooo@..#
#.......#.########
#.......#.
#.......#. #. ##


You could see 2 orc priests, 2 orcs and a leopard gecko.

Vanquished Creatures
  Robin (D:2)
  3 adders (D:2)
  A gnoll (D:1)
  A worm (D:2)
  2 dart slugs
  A leopard gecko (D:2)
  An orc (D:3)
  2 giant cockroaches
  12 goblins
  8 hobgoblins
  5 kobolds
  2 quokkas (D:2)
  6 bats
  2 frilled lizards (D:2)
  6 rats
53 creatures vanquished.

Notes
Turn   | Place    | Note
-------+----------+-------------------------------------------
     0 | D:1      | Error4North the Hill Orc Fighter began the quest for the
                  | Orb.
     0 | D:1      | Reached XP level 1. HP: 19/19 MP: 1/1
    98 | D:1      | Reached XP level 2. HP: 27/27 MP: 2/2
   296 | D:1      | Reached XP level 3. HP: 33/33 MP: 3/3
   531 | D:2      | Noticed Robin
   558 | D:2      | Killed Robin
   558 | D:2      | Reached XP level 4. HP: 15/41 MP: 4/4
   913 | D:2      | Found a sparkling altar of Nemelex Xobeh.
  1512 | D:3      | Killed from afar by an orc priest

Illustrated notes

Levels and vault maps discovered:
D:1:      wander_arrival_lonely_grave, layout_rooms, lemuel_another_geyser
D:2:      layout_loops_corners, serial_rivers, chequers_serial_rivers_marsh,
          chequers_serial_rivers_micro_c, chequers_serial_rivers_marsh,
          chequers_serial_rivers_marsh, nemelex_spade_bored_becter, uniq_robin
D:3:      layout_loops_cross, first_ration, minmay_misc_feat_plants,
          doesnt_xom_only_xom, uniq_sigmund

Skill      XL: |  1  2  3  4 |
---------------+-------------+-----
Fighting       | 4 |  4.4
Axes           | 3 4 |  4.1
Shields        | 4 |  4.2
Armour         | |  3.8
Dodging        | |  0.2

Action                   |  1- 3 |  4- 6 || total
-------------------------+-------+-------++-------
Melee: War axe           |    80 |    56 ||   136
  Use: Potion            |     1 |       ||     1
  Eat: Chunk             |       |     2 ||     2
Armor: Scale mail        |    14 |       ||    14
       Chain mail        |    45 |    25 ||    70
Dodge: Dodged            |    27 |    15 ||    42
Block: Kite shield       |    54 |    27 ||    81

Table legend:
 A = Non-vault XP
 B = Vault XP
 C = Vault XP percentage of total XP
 D = Non-vault monster count
 E = Vault monster count
 F = Vault count percentage of total count
                 A         B        C        D         E       F
            +---------+---------+-------+---------+---------+-------
      Total |     118 |      38 |  24.4 |      40 |      13 |  24.5
            +---------+---------+-------+---------+---------+-------
        D:1 |      35 |       0 |   0.0 |      15 |       0 |   0.0
        D:2 |      78 |      38 |  32.8 |      23 |      13 |  36.1
        D:3 |       5 |       0 |   0.0 |       2 |       0 |   0.0
            +---------+---------+-------+---------+---------+-------
